 Dungeon Crawl Stone Soup version 0.29.1-2-gbd0b4ee654 (webtiles) character file.

Game seed: 16378019733319194736

97 GorkyZ the Trooper (level 4, -2/37 HPs)
             Began as a Demonspawn Fighter on Nov 20, 2022.
             Slain by a gnoll
             ... wielding a +0 flail
              (3 damage)
             ... on level 2 of the Dungeon.
             The game lasted 00:04:45 (2134 turns).

GorkyZ the Trooper (Demonspawn Fighter)             Turns: 2134, Time: 00:04:46

Health: -2/37      AC:  7    Str: 18    XL:     4   Next: 42%
Magic:  4/4        EV:  9    Int:  9    God:
Gold:   105        SH:  4    Dex: 13    Spells: 3/3 levels left

rFire   . . .      SeeInvis .   p - +2 dagger (freeze)
rCold   . . .      Faith    .   c - +0 buckler
rNeg    . . .      Spirit   .   b - +0 scale mail
rPois   .          Reflect  .   (no helmet)
rElec   .          Harm     .   (no cloak)
rCorr   .          Rampage  .   f - +0 pair of gloves
Will    .....                   (no boots)
Stlth   ..........              (no amulet)
HPRegen 0.12/turn               (no ring)
MPRegen 0.09/turn               (no ring)

@: very slow
A: demonic magic 1
a: no special abilities


You were on level 2 of the Dungeon.
You visited 1 branch of the dungeon, and saw 2 of its levels.

You collected 105 gold pieces.

Inventory:

Hand Weapons
 a - a +0 war axe
 i - a +0 hand axe
 m - a +0 spear
 p - a +2 dagger of freezing (weapon)
Missiles
 n - 6 poisoned darts (quivered)
Armour
 b - a +0 scale mail (worn)
 c - a +0 buckler (worn)
 f - a +0 pair of gloves (worn)
Jewellery
 l - a +4 ring of slaying
Wands
 o - a wand of polymorph (9)
Scrolls
 g - 3 scrolls of identify {unknown}
 h - a scroll of teleportation {unknown}
 j - a scroll of fear {unknown}
 k - a scroll of enchant armour {unknown}
Potions
 d - a potion of might
 e - a potion of experience {unknown}
 q - a potion of ambrosia {unknown}
 r - a potion of magic {unknown}


   Skills:
 + Level 3.6 Fighting
 - Level 2.2 Axes
 + Level 1.1 Throwing
 + Level 3.1 Armour
 + Level 3.1 Shields
 + Level 1.1 Evocations


You had 3 spell levels left.
You didn't know any spells.
Your spell library was empty.

Dungeon Overview and Level Annotations

Branches:
Dungeon (2/15)

Altars:


Innate Abilities, Weirdness & Mutations

Spells you cast may paralyse adjacent enemies.


Message History

The gnoll barely misses you.
You hit the gnoll but do no damage.
The gnoll is moderately wounded.
The gnoll splashes around in the water.
Your unstable footing causes you to fumble your attack.
The gnoll completely misses you.
You hit the gnoll. You freeze the gnoll.
The gnoll is heavily wounded.
You closely miss the gnoll.
Your unstable footing causes you to fumble your attack.
The gnoll splashes around in the water.
Your unstable footing causes you to fumble your attack.
The gnoll barely misses you.
You barely miss the gnoll. The gnoll barely misses you.
You barely miss the gnoll. The gnoll hits you but does no damage.
You hit the gnoll. You freeze the gnoll.
The gnoll is lightly wounded.
The gnoll hits you but does no damage.
Your unstable footing causes you to fumble your attack.
You block the gnoll's attack.
You hit the gnoll. You freeze the gnoll.
The gnoll is heavily wounded.
The gnoll barely misses you.
You closely miss the gnoll.
The gnoll is heavily wounded.
The gnoll hits you with a +0 whip.
* * * LOW HITPOINT WARNING * * *
You hit the gnoll. You freeze the gnoll.
The gnoll is severely wounded.
The gnoll hits you with a +0 whip.
* * * LOW HITPOINT WARNING * * *
Your unstable footing causes you to fumble your attack.
The gnoll misses you.
You hit the gnoll. You freeze the gnoll.
You kill the gnoll!
You hear a splash.
You hit the gnoll but do no damage.
The gnoll is heavily wounded.
The gnoll hits you with a +0 flail.
You die...

##.##
#.####.........########.#
#.#
#......#######.[.........
#.. ######.# #.......<...
#.### #.#####.#### #.#~#
#)# #.# ### ###~# #.# #.#
#~###~~~# #.# #.#
##~#~#~~## #.# #.#
#~~~~#~#@# #.# #.#
#~~~~#~#g#####.#####.#
#~###~~#~##.......##.#
##~# #~##~##.##.##.##.#
##~~# #~##~##.#####.##.##
#~~~# #~##~#..# #.....#
#~~~###~##~##.# #####'#
#~#~~####~~##.#####≈...##
#~#~~## #~~##.....#≈...#


You could see a gnoll.

Vanquished Creatures
  Jessica (D:2)
  3 gnolls (D:2)
  A worm (D:2)
  3 dart slugs
  3 bats
  2 endoplasms (D:1)
  2 giant cockroaches
  5 goblins
  3 kobolds (D:2)
  4 quokkas
  2 ball pythons
  5 frilled lizards
  2 rats (D:2)
36 creatures vanquished.

Notes
Turn   | Place    | Note
-------+----------+-------------------------------------------
     0 | D:1      | GorkyZ the Demonspawn Fighter began the quest for the Orb.
     0 | D:1      | Reached XP level 1. HP: 18/18 MP: 1/1
    93 | D:1      | Found a faded altar of an unknown god.
   421 | D:1      | Gained mutation: Spells you cast may paralyse adjacent
                  | enemies. [demonic ancestry]
   421 | D:1      | Reached XP level 2. HP: 24/24 MP: 2/2
  1572 | D:2      | Noticed Jessica
  1577 | D:2      | Killed Jessica
  1578 | D:2      | Reached XP level 3. HP: 10/29 MP: 3/3
  2059 | D:2      | Reached XP level 4. HP: 35/35 MP: 4/4
  2079 | D:2      | Reached skill level 1 in Throwing
  2079 | D:2      | Reached skill level 1 in Evocations
  2131 | D:2      | HP: 1/36 [gnoll/+0 whip (3)]
  2134 | D:2      | Slain by a gnoll

Illustrated notes

Levels and vault maps discovered:
D:1:      nagdon_arrival_zigzag_paths, layout_basic, basic_ecumenical_altar,
          serial_bayou_pond_e
D:2:      layout_loops_ring, serial_rivers, chequers_serial_rivers_room_a,
          chequers_serial_rivers_micro_d, chequers_serial_rivers_micro_b,
          chequers_serial_rivers_micro_d, chequers_serial_rivers_room_a,
          chequers_serial_rivers_large_b, kennysheep_generic_room_5,
          uniq_jessica

Skill      XL: |  1  2  3  4 |
---------------+-------------+-----
Axes           | 2 |  2.2
Armour         | 3 |  3.1
Shields        | 3 |  3.1
Throwing       | 1 |  1.1
Evocations     | 1 |  1.1
Fighting       | |  3.6

Action                   |  1- 3 |  4- 6 || total
-------------------------+-------+-------++-------
Melee: War axe           |    10 |       ||    10
       Hand axe          |    68 |       ||    68
       Dagger            |    29 |    32 ||    61
Armor: Scale mail        |    48 |     4 ||    52
Dodge: Dodged            |    37 |     9 ||    46
Block: Buckler           |    23 |     3 ||    26
